 Dungeon Crawl Stone Soup version 0.19.4-9-g45fd643 (webtiles) character file.

122 doot the Cudgeler (level 4, 0/40 HPs)
             Began as a Draconian Chaos Knight on Feb 19, 2017.
             Slain by a gnoll
             ... wielding a cursed -3 halberd
              (6 damage)
             ... on level 3 of the Dungeon.
             The game lasted 00:04:50 (2051 turns).

doot the Cudgeler (Draconian Chaos Knight)          Turns: 2051, Time: 00:04:51

Health: 0/40       AC:  7    Str: 14    XL:     4   Next: 78%
Magic:  4/4        EV: 13    Int: 12    God:    Xom [*.....]
Gold:   163        SH:  0    Dex: 12    Spells: 0 memorised, 3 levels left

rFire  + . .     SeeInvis .     a - +0 mace (chaos)
rCold  . . .     Gourm    .     (armour unavailable)
rNeg   + . .     Faith    .     (no shield)
rPois  .         Spirit   .     (helmet restricted)
rElec  .         Reflect  .     k - +0 cloak
rCorr  .         Harm     .     m - +0 pair of gloves (curse)
MR     .....                    (no boots)
Stlth  +.........               e - amulet of magic regeneration
                                v - ring of protection from fire
                                c - ring of positive energy (curse)

@: flying
A: unfitting armour, talons 1, cold-blooded, AC +5
a: Renounce Religion


You were on level 3 of the Dungeon.
You worshipped Xom.
You were a special plaything of Xom.
You were not hungry.

You visited 1 branch of the dungeon, and saw 3 of its levels.

You collected 163 gold pieces.

Inventory:

Hand Weapons
 a - a +0 mace of chaos (weapon)
Armour
 k - a +0 cloak (worn)
 m - a cursed +0 pair of gloves (worn)
Jewellery
 c - a cursed ring of positive energy (left hand)
 e - an amulet of magic regeneration (around neck)
 h - a +3 ring of intelligence
 p - a +3 ring of intelligence
 v - a ring of protection from fire (right hand)
Scrolls
 d - a scroll of noise {unknown}
 j - 3 scrolls of identify {unknown}
 l - a scroll of blinking {unknown}
 u - a scroll of magic mapping {unknown}
Potions
 f - a potion of curing {unknown}
 g - a potion of ambrosia {unknown}
 n - a potion of cure mutation {unknown}
 o - a potion of heal wounds {unknown}
 q - a potion of degeneration {unknown}
 r - a potion of flight
 s - a potion of lignification {unknown}
Comestibles
 b - 5 bread rations
 i - a meat ration


   Skills:
 + Level 4.1 Fighting
 + Level 4.2 Maces & Flails
 + Level 3.0 Dodging
 + Level 0.6 Stealth


You had 3 spell levels left.
You didn't know any spells.

Dungeon Overview and Level Annotations

Branches:
Dungeon (3/15)

Altars:
Elyvilon
Fedhas
Sif Muna
Xom
The Shining One


Innate Abilities, Weirdness & Mutations

Your plain brown scales are hard. (AC +5)
You cannot fit into any form of body armour.
You are cold-blooded and may be slowed by cold attacks.
You have sharp toenails.


Message History

* * * LOW HITPOINT WARNING * * *
You are too injured to fight recklessly!
You are too injured to fight recklessly!
You are too injured to fight recklessly!
You closely miss the gnoll.
The gnoll is almost dead.
The gnoll hits you but does no damage. The gnoll closely misses you.
You barely miss the gnoll. You claw the gnoll, but do no damage.
You tail-slap the gnoll.
The gnoll is almost dead.
The gnoll barely misses you. The gnoll completely misses you.
The gnoll closely misses you.
The gnoll hits you from afar with a spear.
* * * LOW HITPOINT WARNING * * *
It was a potion of flight.
You feel very buoyant.
You fly up into the air.
Xom thinks this is hilarious!
The gnoll hits you with a halberd.
You die...

##################
............(....#
............####@#
##########.## #g#
#.# #g# #.# #.#
#.# #.# #.# #.#
#.# #.# #.# #.#
#.#


You could see 2 gnolls.

Vanquished Creatures
  5 gnolls
  2 adders (D:2)
  2 dart slugs (D:1)
  2 leopard geckos
  2 orcs (D:3)
  A ball python (D:2)
  10 bats
  A giant cockroach (D:2)
  6 goblins
  3 hobgoblins
  5 jackals
  A quokka (D:3)
  A frilled lizard (D:3)
  4 kobolds
  2 rats (D:1)
47 creatures vanquished.

Notes
Turn   | Place    | Note
-------+----------+-------------------------------------------
     0 | D:1      | doot the Draconian Chaos Knight began the quest for the Orb.
     0 | D:1      | Reached XP level 1. HP: 19/19 MP: 1/1
     2 | D:1      | Noticed a felid
     4 | D:1      | Noticed a formicid
     4 | D:1      | Noticed a halfling
     6 | D:1      | Noticed a vine stalker
     6 | D:1      | Noticed a minotaur
     8 | D:1      | Noticed a naga
     8 | D:1      | Noticed a tengu
    10 | D:1      | Noticed a human
    10 | D:1      | Noticed an octopode
    12 | D:1      | Noticed a demonspawn
    12 | D:1      | Noticed a merfolk
    14 | D:1      | Noticed an elf
    14 | D:1      | Noticed a demigod
    16 | D:1      | Noticed a gargoyle
    16 | D:1      | Noticed a spriggan
    18 | D:1      | Noticed a troll
    18 | D:1      | Noticed an ogre
    20 | D:1      | Noticed a ghoul
    20 | D:1      | Noticed a vampire
    22 | D:1      | Noticed a draconian
    24 | D:1      | Noticed a centaur
    26 | D:1      | Noticed a dwarf
   151 | D:1      | Reached XP level 2. HP: 25/26 MP: 2/2
   423 | D:1      | XOM: divination: detect items
   427 | D:1      | XOM: cloud trail
   544 | D:1      | XOM: butterfly on damage
   743 | D:1      | Found a glowing golden altar of the Shining One.
  1023 | D:2      | XOM: harmless Fire miscast
  1062 | D:2      | Reached XP level 3. HP: 33/33 MP: 3/3
  1148 | D:2      | XOM: mild Air miscast
  1160 | D:2      | Reached XP level 4. HP: 33/40 MP: 4/4
  1174 | D:2      | XOM: scenery: create altars
  1178 | D:2      | Found a blossoming altar of Fedhas.
  1468 | D:3      | XOM: scenery: create altars
  1813 | D:3      | XOM: cloud trail
  1906 | D:3      | XOM: give mutation
  1906 | D:3      | Gained mutation: You have sharp toenails. [Xom's mischief]
  1971 | D:3      | Found a white marble altar of Elyvilon.
  1971 | D:3      | Found a deep blue altar of Sif Muna.
  2051 | D:3      | Slain by a gnoll

Skill      XL: |  1  2  3  4 |
---------------+-------------+-----
Fighting       | 4 |  4.1
Maces & Flails | 4 |  4.2
Dodging        | 3 |  3.0
Stealth        | |  0.6

Action                   |  1- 3 |  4- 6 || total
-------------------------+-------+-------++-------
Melee: Mace              |    81 |    68 ||   149
       Tailslap          |     6 |     9 ||    15
       Kick              |       |     7 ||     7
  Use: Potion            |       |     1 ||     1
 Stab: Sleeping          |     1 |     1 ||     2
       Paralysed         |     1 |       ||     1
  Eat: Chunk             |     1 |     3 ||     4
Armor: Skin              |    30 |    19 ||    49
Dodge: Dodged            |    65 |    61 ||   126
